 Dungeon Crawl Stone Soup version 0.20.1-1-g8b1a95d (webtiles) character file.

273 Lanoc the Ducker (level 6, -3/48 HPs)
             Began as a Minotaur Enchanter on Nov 23, 2017.
             Was an Initiate of Gozag.
             Killed by divine providence
             ... invoked by an orc priest
              (16 damage)
             ... on level 4 of the Dungeon.
             The game lasted 00:18:12 (3245 turns).

Lanoc the Ducker (Minotaur Enchanter)               Turns: 3245, Time: 00:18:15

Health: -3/48      AC:  4    Str: 15    XL:     6   Next: 2%
Magic:  5/7        EV: 12    Int: 12    God:    Gozag
Gold:   188        SH:  0    Dex: 10    Spells: 1/8 levels left

rFire    . . .     SeeInvis .   a - +1 dagger
rCold    . . .     Gourm    .   (no shield)
rNeg     . . .     Faith    .   w - +1 leather armour of Apathy {rElec rPois}
rPois    +         Spirit   .   (helmet restricted)
rElec    +         Reflect  .   (no cloak)
rCorr    .         Harm     .   (no gloves)
MR       .....                  (no boots)
Stlth    ++........             u - amulet of regeneration
Regen    0.6/turn               f - ring of wizardry
MPRegen  0.1/turn               l - ring of wizardry

@: gold aura
A: retaliatory headbutt, horns 2
a: Potion Petition, Call Merchant, Bribe Branch, Renounce Religion


You were on level 4 of the Dungeon.
You worshipped Gozag.
Gozag was aware of your devotion.
You were not hungry.

You visited 1 branch of the dungeon, and saw 4 of its levels.

You collected 254 gold pieces.
You paid 66 gold pieces to Gozag.

Inventory:

Hand Weapons
 a - a +1 dagger (weapon)
Missiles
 k - a throwing net (quivered)
Armour
 w - the +1 leather armour of Apathy (worn) {rElec rPois}
   (You found it on level 4 of the Dungeon)

   It insulates you from electricity.
   It protects you from poison.
Jewellery
 f - a ring of wizardry (left hand)
 g - an uncursed ring of protection from cold
 l - a ring of wizardry (right hand)
 q - an uncursed ring of ice
 u - an amulet of regeneration (around neck)
 x - a +3 ring of dexterity
Scrolls
 b - a scroll of immolation {unknown}
 e - a scroll of magic mapping {unknown}
 h - 2 scrolls of remove curse
 m - 2 scrolls of enchant weapon {unknown}
 n - a scroll of enchant armour {unknown}
 o - 4 scrolls of identify
 t - a scroll of noise {unknown}
 v - a scroll of amnesia {unknown}
Potions
 p - 2 potions of flight {unknown}
 s - 3 potions of might {unknown}
Books
 c - a book of Maledictions

   Spells                             Type                      Level
   a - Corona                         Hexes                        1
   b - Ensorcelled Hibernation        Hexes/Ice                    2
   c - Confuse                        Hexes                        3
   d - Tukima's Dance                 Hexes                        3
   e - Dazzling Spray                 Conjuration/Hexes            3
Comestibles
 d - 3 bread rations
 i - 2 meat rations
 r - a royal jelly


   Skills:
 + Level 2.2 Fighting
 + Level 2.9 Short Blades
 + Level 1.2 Armour
 + Level 3.6 Dodging
 + Level 3.5 Stealth
 + Level 1.6 Spellcasting
 + Level 2.5 Hexes


You had one spell level left.
You knew the following spells:

 Your Spells              Type           Power        Failure   Level  Hunger
a - Corona                Hex            #......      3%          1    ##.....
b - Tukima's Dance        Hex            #.......     10%         3    ####...
c - Dazzling Spray        Conj/Hex       #.....       16%         3    ####...


Dungeon Overview and Level Annotations

Branches:
Dungeon (4/15)
 Temple: D:4-7

Altars:
Gozag


Innate Abilities, Weirdness & Mutations

You reflexively headbutt those who attack you in melee.
You have a pair of horns on your head.


Message History

You hit the orc priest.
The orc priest is moderately wounded.
The orc priest hits you with a flail.
* * * LOW HITPOINT WARNING * * *
You hit the orc priest but do no damage.
The orc priest is moderately wounded.
You closely miss the orc priest. Your headbutt misses the orc priest.
The orc priest is moderately wounded.
The orc priest is distracted by the nearby gold.
You barely miss the orc priest.
The orc priest is no longer distracted by gold.
The orc priest is moderately wounded.
The orc priest hits you but does no damage.
You hit the orc priest but do no damage.
You headbutt the orc priest.
The orc priest is moderately wounded.
The orc priest mumbles some strange prayers to Beogh against you.
Beogh smites you!
You die...
Your body crumbles into a pile of gold.

### ##########.#
#..........#
#.########.####### #.#
#.#...... ##### #@#
#[#.##### .. #...####o####
##.#.#####
...###...#.......#
#.........
.........#...)...#
#..#.#####
.........#.......####..#.#
###
.......o.).............#.#
#..
...................#...#.#
#.#
.........#.......#.....#.#
#.#
............#+#........#.#
#.#


You could see an orc priest.

Vanquished Creatures
  A hound (D:4)
  An orc priest (D:3)
  An orc wizard (D:4)
  Natasha (D:2)
  6 adders
  2 oozes
  3 worms (D:2)
  A dart slug (D:2)
  3 leopard geckos
  5 orcs
  13 bats
  6 giant cockroaches
  6 goblins
  8 hobgoblins
  9 jackals (D:1)
  6 kobolds
  4 quokkas
  A ball python (D:1)
  6 frilled lizards
  6 rats
89 creatures vanquished.

Vanquished Creatures (others)
  2 dancing weapons (D:4)
2 creatures vanquished.

Grand Total: 91 creatures vanquished

Notes
Turn   | Place    | Note
-------+----------+-------------------------------------------
     0 | D:1      | Lanoc the Minotaur Enchanter began the quest for the Orb.
     0 | D:1      | Reached XP level 1. HP: 14/14 MP: 1/1
   102 | D:1      | Reached XP level 2. HP: 15/20 MP: 3/3
   543 | D:1      | Reached XP level 3. HP: 24/26 MP: 4/4
   552 | D:1      | Learned a level 3 spell: Tukima's Dance
  1300 | D:2      | Reached skill level 1 in Fighting
  1300 | D:2      | Reached XP level 4. HP: 20/35 MP: 5/5
  1922 | D:2      | Noticed Natasha
  1930 | D:2      | Killed Natasha
  1930 | D:2      | Reached XP level 5. HP: 17/41 MP: 6/6
  2078 | D:2      | Learned a level 3 spell: Dazzling Spray
  2798 | D:3      | Found an opulent altar of Gozag.
  2817 | D:3      | Became a worshipper of Gozag Ym Sagoz the Greedy
  3023 | D:4      | Got a crude leather armour
  3034 | D:4      | Identified the cursed +1 leather armour of Apathy {rElec rPois} (You found it on level 4 of the Dungeon)
  3220 | D:4      | HP: 1/41 [hound (5)]
  3222 | D:4      | Reached skill level 1 in Armour
  3232 | D:4      | Reached XP level 6. HP: 19/48 MP: 3/7
  3245 | D:4      | Killed from afar by an orc priest

Skill      XL: |  1  2  3  4  5 |
---------------+----------------+-----
Stealth        | 3 |  3.5
Fighting       | 1 2 |  2.2
Dodging        | 3 |  3.6
Short Blades   | 2 |  2.9
Armour         | 1 |  1.2
Spellcasting   | |  1.6
Hexes          | |  2.5

Action                   |  1- 3 |  4- 6 || total
-------------------------+-------+-------++-------
Melee: Dagger            |   123 |   186 ||   309
       Headbutt          |    20 |    22 ||    42
 Cast: Tukima's Dance    |     1 |     3 ||     4
  Use: Potion            |       |     6 ||     6
       Scroll            |       |     2 ||     2
 Stab: Sleeping          |     6 |     4 ||    10
       Distracted        |       |     1 ||     1
  Eat: Chunk             |     1 |     5 ||     6
       Bread ration      |       |     1 ||     1
Armor: Robe              |    29 |    20 ||    49
       Leather armour    |       |    12 ||    12
Dodge: Dodged            |    87 |   119 ||   206
